 Dungeon Crawl Stone Soup version 0.30-a0-313-gae38170b09 (webtiles) character file.

Game seed: 3322369163123813338

28 Babtu the Chopper (level 2, -5/25 HPs)
             Began as a Minotaur Gladiator on Oct 26, 2022.
             Slain by a kobold
             ... wielding a +4 whip of electrocution
              (10 damage)
             ... on level 1 of the Dungeon.
             The game lasted 00:00:50 (279 turns).

Babtu the Chopper (Minotaur Gladiator)               Turns: 279, Time: 00:00:51

Health: -5/25      AC:  3    Str: 18    XL:     2   Next: 96%
Magic:  1/1        EV: 12    Int:  5    God:
Gold:   24         SH:  0    Dex: 11    Spells: 1/1 levels left

rFire   . . .      SeeInvis .    a - +0 war axe
rCold   . . .      Faith    .    (no shield)
rNeg    . . .      Spirit   .    b - +0 leather armour
rPois   .          Reflect  .    c - +0 hat
rElec   .          Harm     .    (no cloak)
rCorr   .          Rampage  .    (no gloves)
Will    .....                    (no boots)
Stlth   +.........               (no amulet)
HPRegen 0.24/turn                (no ring)
MPRegen 0.07/turn                (no ring)

@: no status effects
A: horns 2, retaliatory headbutt
a: no special abilities


You were on level 1 of the Dungeon.
You visited 1 branch of the dungeon, and saw 1 of its levels.

You collected 24 gold pieces.

Inventory:

Hand Weapons
 a - a +0 war axe (weapon)
Missiles
 d - 3 throwing nets (quivered)
 e - a javelin
Armour
 b - a +0 leather armour (worn)
 c - a +0 hat (worn)
Scrolls
 f - a scroll of enchant armour {unknown}
 g - a scroll of identify {unknown}


   Skills:
 + Level 2.9 Fighting
 + Level 3.9 Axes
 + Level 2.3 Throwing
 + Level 1.1 Armour
 + Level 3.5 Dodging


You had one spell level left.
You didn't know any spells.
Your spell library was empty.

Dungeon Overview and Level Annotations

Branches:
Dungeon (1/15)

Altars:


Innate Abilities, Weirdness & Mutations

You have a pair of horns on your head.
You reflexively headbutt those who attack you in melee.


Message History

You closely miss the frilled lizard.
The frilled lizard bites you but does no damage.
The endoplasm jiggles.
You closely miss the frilled lizard.
The frilled lizard bites you but does no damage.
The frilled lizard closely misses you. You furiously retaliate!
You headbutt the frilled lizard!
You kill the frilled lizard!
You slash the endoplasm!
You kill the endoplasm!
No target in view!
No target in view!
A giant cockroach and a bat come into view.
There are monsters nearby!
There are monsters nearby!
A kobold comes into view.
It is wielding a +4 whip of electrocution.
The kobold shouts!
The bat closely misses you.
You closely miss the bat. The bat hits you. The bat barely misses you.
You miss the bat. The bat hits you but does no damage.
The bat barely misses you.
You closely miss the bat. The bat hits you but does no damage.
The bat barely misses you.
You closely miss the kobold. The bat barely misses you.
The kobold hits you with a +4 whip of electrocution.
You are electrocuted!
The bat barely misses you.
You are too injured to fight recklessly!
You are too injured to fight recklessly!
You are too injured to fight recklessly!
You are too injured to fight recklessly!
You are too injured to fight recklessly!
You are too injured to fight recklessly!
The bat attacks as you move away! The bat hits you. The bat barely misses you.
You furiously retaliate!
You headbutt the bat!
You kill the bat!
The kobold attacks as you move away!
The kobold hits you with a +4 whip of electrocution.
* * * LOW HITPOINT WARNING * * *
You are electrocuted!
You die...

.....#
#####.......#
#....# #.††....#
###..#
######.......#
####
##............#
##...[.........#
#..............#
#..........#####
#........[.#
#..@K....).#
...............#
######.B......##
#..........#
#..........#
#..........#
#..........#
#..........#


You could see a giant cockroach and a kobold.

Vanquished Creatures
  2 dart slugs (D:1)
  2 ball pythons (D:1)
  4 bats (D:1)
  2 endoplasms (D:1)
  A giant cockroach (D:1)
  A goblin (D:1)
  3 hobgoblins (D:1)
  3 kobolds (D:1)
  A quokka (D:1)
  2 frilled lizards (D:1)
  A rat (D:1)
22 creatures vanquished.

Notes
Turn   | Place    | Note
-------+----------+-------------------------------------------
     0 | D:1      | Babtu the Minotaur Gladiator began the quest for the Orb.
     0 | D:1      | Reached XP level 1. HP: 18/18 MP: 0/0
    67 | D:1      | Reached XP level 2. HP: 25/25 MP: 1/1
   161 | D:1      | Reached skill level 1 in Armour
   279 | D:1      | Slain by a kobold

Illustrated notes

Levels and vault maps discovered:
D:1:      lemuel_arrival_funnel, layout_rooms

Skill      XL: |  1  2 |
---------------+-------+-----
Armour         | 1 |  1.1
Fighting       | |  2.9
Axes           | |  3.9
Throwing       | |  2.3
Dodging        | |  3.5

Action                   || total
-------------------------++-------
Melee: War axe           ||    34
       Headbutt          ||     4
Armor: Leather armour    ||    10
Dodge: Dodged            ||    34

Table legend: (Time is in decaauts)
 A = Elapsed time spent in this place.
 B = Non-inter-level travel time spent in this place.
 C = Inter-level travel time spent in this place.
 D = Time resting spent in this place.
 E = Time spent auto-exploring this place.
 F = Levels seen in this place.
 G = Mean time per level.
                   A        B        C        D        E       F      G
               +--------+--------+--------+--------+--------+-----+--------+
         Total |    289 |    289 |      0 |      0 |    190 |   1 |  289.0 |
       Dungeon |    289 |    289 |      0 |      0 |    190 |   1 |  289.0 |
               +--------+--------+--------+--------+--------+-----+--------+

Top non-repeatable levels by time:
     D:1: 289 daAuts
